Cogmind - Beta 15 @@@ ROGUE MODE // 2025.09.21 @ 09:19:10 Player: shapeshifter Result: Destroyed by F4-VVC(R) with Subdweller Machine Gun Performance ------------- Evolutions (0) 0 Regions Visited (2) 400 Robots Destroyed (24) 120 Value Destroyed (593) 593 Prototype IDs (0) 0 Alien Tech Used (0) 0 Bonus (0) 0 TOTAL SCORE: 1113 Bonus ------- None Cogmind --------- Core Integrity 0/250 Matter 103/300 Energy 100/100 System Corruption 0% Temperature Cool (0) Movement Rolling (140) Ox4 Location -10/Subcaves Parts ------- > --- POWER (1) -------- (None) > --- PROPULSION (2) --- Wheel > --- UTILITY (2) ------ High-capacity Storage Unit > --- WEAPON (2) ------- Rocket Launcher > --- INVENTORY (20) --- Wheel Improved Hover Unit Improved Hover Unit Improved Hover Unit Improved Hover Unit Medium Matter Pod (100) Medium Matter Pod (100) Medium Matter Pod (10) Makeshift Cloaking Device Makeshift Weapon Shielding Subdweller Laser Shotgun Shotgun Subdweller Machine Gun Rocket Launcher Peak State ------------ > --- POWER ------------ Makeshift Power Source > --- PROPULSION ------- Compact Wheel > --- UTILITY ---------- High-capacity Storage Unit > --- WEAPON ----------- Assault Rifle Rocket Launcher > --- INVENTORY -------- Wheel Improved Hover Unit Improved Hover Unit Improved Hover Unit Improved Hover Unit Medium Matter Pod Medium Matter Pod Medium Matter Pod Makeshift Cloaking Device Makeshift Weapon Shielding Subdweller Laser Shotgun Shotgun Subdweller Machine Gun Rocket Launcher Rocket Launcher [Rating: 12] Favorites ----------- Power Ion Engine Engine Ion Engine Propulsion Light Treads Treads Light Treads Wheel Compact Wheel Utility High-capacity Storage Unit Device Seismic Detector Storage High-capacity Storage Unit Weapon Light Assault Rifle Energy Gun EM Pulse Gun Ballistic Gun Light Assault Rifle Launcher Rocket Launcher Build | -11 -10 -10 ------- Run | Yrd Mat Sub Slots Evolved . | . . . Power . | . . . Propulsion . | . . . Utility . | . . . Weapon . | . . . Parts Attached 18 | 7 5 6 Power 3 | 1 1 1 Engine 3 | 1 1 1 Core . | . . . Reactor . | . . . Propulsion 4 | 2 . 2 Treads 2 | 2 . . Leg . | . . . Wheel 2 | . . 2 Hover . | . . . Flight . | . . . Utility 3 | 2 1 . Device 1 | 1 . . Storage 2 | 1 1 . Processor . | . . . Hackware . | . . . Protection . | . . . Artifact . | . . . Weapon 8 | 2 3 3 Energy Gun 3 | . 2 1 Energy Cannon . | . . . Ballistic Gun 2 | 2 . . Ballistic Cannon . | . . . Launcher 3 | . 1 2 Special Weapon . | . . . Impact Weapon . | . . . Slashing Weapon . | . . . Piercing Weapon . | . . . Special Melee Weapon . | . . . Unidentified Prototypes . | . . . Parts Lost 11 | . . 11 Power 2 | . . 2 Propulsion 3 | . . 3 Utility 1 | . . 1 Weapon 5 | . . 5 Highest Loss Streak 6 | . . 6 To Critical Strikes 1 | . . 1 Average Backups 12 | 3 13 15 Power . | . 1 . Propulsion 4 | 1 4 5 Utility 2 | . 2 3 Weapon 5 | . 5 6 Tool/Special . | . . . Unused Backups 15 | . . 15 Power . | . . . Propulsion 5 | . . 5 Utility 5 | . . 5 Weapon 5 | . . 5 Tool/Special . | . . . Average Slot Usage (%) 93 | . 99 80 Engine 13 | . 14 12 Treads 23 | . 28 13 Wheel 2 | . . 7 Device 11 | . 14 7 Storage 14 | . 14 14 Energy Gun 5 | . . 17 Ballistic Gun 17 | . 24 2 Launcher 3 | . 2 3 Peak Build Rating 12 | 7 10 12 Average Rating 8 | 5 8 9 On Entrance 5 | . 7 9 Naked Turns . | . . . Heaviest Build 51 | 14 51 50 Greatest Support 40 | 40 40 40 Greatest Overweight (x) 3 | . 1 3 Average Overweight (x) . | . . 1 Largest Inventory Capacity 20 | 8 20 20 Average Capacity 18 | 7 19 20 Most Carried 19 | 5 19 17 Average Carried 12 | 3 13 15 Final Capacity 20 | 8 20 20 Final Carried 16 | 4 16 15 Class Distribution -------------------- 100% | Mutant Dominant Class ---------------- Mutant | -10/Materials Mutant | -10/Subcaves Resources | -11 -10 -10 ----------- Run | Yrd Mat Sub Matter Collected 851 | 289 245 317 Remotely . | . . . Salvage Created 640 | 64 394 182 Parts 43 | 4 26 13 Haulers Intercepted . | . . . Recyclers Shooed . | . . . Parts Field Recycled . | . . . Retrieved Matter . | . . . Parts Self-Destructed 2 | . . 2 Prevented 4 | . . 4 Kills | -11 -10 -10 ------- Run | Yrd Mat Sub Combat Hostiles Destroyed 16 | . 10 6 Guns 6 | . 3 3 AOE 10 | . 7 3 Classes Destroyed 8 | 1 5 2 Builder 2 | . 2 . Tunneler 3 | 3 . . Recycler 1 | . 1 . Watcher 2 | . 2 . Swarmer 4 | . 3 1 Grunt 10 | . 7 3 Sentry 1 | . . 1 Subdweller 1 | . . 1 Best Kill Streak 8 | 1 8 2 Combat Bots Only 5 | . 5 2 Max Kills in Single Turn 2 | 1 2 1 Gunslinging . | . . . Exploded 2 | . 2 1 Melee . | . . . Uniques/NPCs Destroyed . | . . . Combat | -11 -10 -10 -------- Run | Yrd Mat Sub Hostile Shots Fired 123 | . 53 70 Missed 35 | . 11 24 Hits 88 | . 42 46 Projectile 88 | . 42 46 Critical Strikes 2 | . . 2 Damage Taken 1293 | . 488 805 Core 262 | . 90 172 Absorbed by Shields . | . . . Core Remaining (%) 100 | 100 . . Volleys Fired 94 | 13 42 39 Largest 2 | 2 2 2 Hottest 80 | 40 53 80 Shots Fired 147 | 26 66 55 Gun 117 | 26 52 39 Cannon . | . . . Launcher 30 | . 14 16 Special . | . . . Kinetic 83 | 26 52 5 Thermal . | . . . Explosive 30 | . 14 16 Electromagnetic 34 | . . 34 Robot Hit Streak 9 | 3 7 9 Robot Miss Streak 5 | 2 5 3 Penetration Max . | . . . Secondary Targets 1 | . . 1 Max Gunslinging Chain 1 | . . 1 Shots Hit Robots 75 | 12 36 27 Core Hits 41 | 3 24 14 Critical Kills 1 | . 1 . Critical Parts Destroyed . | . . . Critical Strikes 1 | . 1 . Destroy 1 | . 1 . Melee Attacks . | . . . Impact . | . . . Slashing . | . . . Piercing . | . . . Sneak Attacks . | . . . Combat Hostiles . | . . . Follow-up Attacks . | . . . Damage Inflicted 1712 | 122 942 648 Guns 740 | 122 323 295 Cannons . | . . . Explosions 972 | . 619 353 Melee . | . . . Ramming . | . . . Kinetic 481 | 122 323 36 Thermal . | . . . Explosive 972 | . 619 353 Electromagnetic 259 | . . 259 Impact . | . . . Slashing . | . . . Piercing . | . . . Highest Corruption . | . . . Average Corruption . | . . . Corruption Purged . | . . . Corruption Blocked . | . . . Overload Shots . | . . . Overflow Damage 52 | . . 52 Projectiles . | . . . Explosions 52 | . . 52 Melee . | . . . Knockbacks . | . . . Impact . | . . . Kinetic . | . . . Secondary . | . . . Self-Inflicted Damage 81 | . 51 30 Shots 3 | . 2 1 Rammed . | . . . Targets Rammed . | . . . Kicked . | . . . Crushed . | . . . Highest Temperature 24 | . 24 . Average Temperature 11 | . 11 . Received Heat Transfer 225 | . 168 57 Siege Activations . | . . . Martial Activations . | . . . Shielding Activations . | . . . Robots Disrupted . | . . . Combat Hostiles . | . . . Robots Corrupted . | . . . Combat Hostiles . | . . . Parts Fried . | . . . Impact Corruptions . | . . . Robots Melted . | . . . Combat Hostiles . | . . . Parts Melted . | . . . Heat Transferred . | . . . Parts Sabotaged . | . . . Parts Stolen . | . . . Parts Stripped . | . . . Power Chain Reactions . | . . . Alert | -11 -10 -10 ------- Run | Yrd Mat Sub Maximum Alert Level 1 | . 1 . Low Security (%) 88 | 100 85 . Level 1 11 | . 14 . Level 2 . | . . . Level 3 . | . . . Level 4 . | . . . Level 5 . | . . . High Security . | . . . Max Security . | . . . Peak Influence 308 | 5 308 . Initial . | . . . Average 40 | 1 51 . Influence Increases 548 | 15 423 110 Destroy 0b10 Robot/C 300 | . 200 100 Destroy 0b10 Robot/NC 40 | 15 25 . Destroy Leader 54 | . 44 10 Successful Hack 12 | . 12 . Select Force Hacks 30 | . 30 . Disable Machine 30 | . 30 . Destroy Structure 67 | . 67 . Lose Combat Pursuer 15 | . 15 . Influence Decreases 548 | 15 147 386 Entered New Map 133 | . . 133 Time Decay 335 | 15 147 173 Lost Part 80 | . . 80 Squads Dispatched 1 | . 1 . Investigation 1 | . 1 . Extermination . | . . . Reinforcement . | . . . Assault . | . . . Garrison . | . . . Intercept . | . . . Searches Triggered . | . . . Construction Impeded . | . . . Haulers Reinforced . | . . . Active Scanning Responses . | . . . Cargo Convoy Interrupts . | . . . Stealth | -11 -10 -10 --------- Run | Yrd Mat Sub Distress Signals . | . . . Communications Jammed . | . . . Distress Signals . | . . . Times Spotted 26 | . 17 9 Peak Tracking Total 4 | . 4 3 Tactical Retreats 1 | . 1 . Traps | -11 -10 -10 ------- Run | Yrd Mat Sub Traps Triggered . | . . . Indirectly . | . . . Trap Hack Attempts . | . . . Triggered . | . . . Disarmed . | . . . Reprogrammed . | . . . Reused . | . . . Traps Extracted . | . . . Installed . | . . . Triggered . | . . . Machines | -11 -10 -10 ---------- Run | Yrd Mat Sub Machines Disabled 2 | . 2 . Max in Single Turn 1 | . 1 . Machines Repaired . | . . . Machines Dismantled . | . . . Machines Sabotaged . | . . . Overloaded Fab Kills . | . . . Hacking | -11 -10 -10 --------- Run | Yrd Mat Sub Machines Accessed 6 | . 6 . Terminals 5 | . 5 . Fabricators . | . . . Repair Stations . | . . . Recycling Units 1 | . 1 . Scanalyzers . | . . . Garrison Access . | . . . Total Hacks 21 | . 21 . Successful 11 | . 11 . Failed 10 | . 10 . Catastrophic . | . . . Database Lockouts . | . . . Manual 19 | . 19 . Terminals 19 | . 19 . Fabricators . | . . . Repair Stations . | . . . Recycling Units 2 | . 2 . Scanalyzers . | . . . Garrison Access . | . . . Terminal Hacks 2 | . 2 . Zone Layout 2 | . 2 . Fabricator Hacks . | . . . Repair Station Hacks . | . . . Recycling Unit Hacks . | . . . Scanalyzer . | . . . Garrison Access Hacks . | . . . Unauthorized Hacks 9 | . 9 . Terminals 8 | . 8 . Botnet 3 | . 3 . Skim 5 | . 5 . Fabricators . | . . . Repair Stations . | . . . Recycling Units 1 | . 1 . Tunnel 1 | . 1 . Scanalyzers . | . . . Garrison Access . | . . . Data Cores Recovered . | . . . Used . | . . . Hacking Detections 5 | . 5 . Full Trace Events . | . . . Feedback Events . | . . . Feedback Blocked . | . . . Robot Schematics Acquired . | . . . Robots Built . | . . . Authchips . | . . . Time . | . . . Total Robot Build Rating . | . . . Part Schematics Acquired . | . . . Parts Built . | . . . Authchips . | . . . Time . | . . . Total Part Build Rating . | . . . Parts Repaired . | . . . Time . | . . . Parts Recycled . | . . . Recycled Matter . | . . . Retrieved Matter . | . . . Retrieved Components . | . . . Parts Scanalyzed . | . . . Part Schematics Acquired . | . . . Parts Damaged . | . . . Bothacking | -11 -10 -10 ------------ Run | Yrd Mat Sub Used RIF Installer . | . . . Robots Hacked . | . . . Non-combat . | . . . Combat . | . . . Robot Hacks Applied . | . . . Relay Couplers Released . | . . . Fabnet Peak Effective % . | . . . Robots Rewired . | . . . Allies Hacked . | . . . Hacks Repelled . | . . . Allies | -11 -10 -10 -------- Run | Yrd Mat Sub Total Allies . | . . . Largest Group . | . . . Highest-Rated Group . | . . . Highest-Rated Ally . | . . . Total Orders . | . . . Ally Attacks . | . . . Total Damage . | . . . Kills . | . . . Allies Corrupted . | . . . Allies Melted . | . . . Intel | -11 -10 -10 ------- Run | Yrd Mat Sub Active Infowar (turns) 1024 | 38 787 199 Seismic 1024 | 38 787 199 Robot Analysis Total . | . . . Derelict Logs Recovered . | . . . Drone Launches . | . . . Drone Recoveries . | . . . Exploration | -11 -10 -10 ------------- Run | Yrd Mat Sub Turns Passed 1382 | 208 787 387 Spaces Moved 548 | 115 269 164 Core 26 | 26 . . Treads 419 | 89 269 61 Legs . | . . . Wheels 103 | . . 103 Hover . | . . . Flight . | . . . Fastest Speed 50 | 50 160 105 Average Speed 195 | 135 238 165 Slowest Speed 240 | 160 240 240 Overloaded Moves . | . . . Propulsion Burnouts . | . . . Robots Hopped . | . . . Potential Cave-ins . | . . . Cave-ins Triggered . | . . . Exploration Rate (%) 27 | 6 60 16 Regions Visited 2 Branch Regions 1 Pre-discovered Areas 3 | . 2 1 Known Exits Taken 1 | . 1 . Unknown Exits Taken 1 | 1 . . Scrap Searched . | . . . Spaces Dug . | . . . Terrain Destroyed 161 | . 119 42 Melee . | . . . Projectile . | . . . AOE 161 | . 119 42 Terrain Rammed . | . . . Walls Destroyed . | . . . Machines Disabled . | . . . Actions | -11 -10 -10 --------- Run | Yrd Mat Sub Total 724 | 144 355 225 Wait 28 | . 19 9 Move 546 | 114 268 164 Hop . | . . . Pick Up 32 | 10 16 6 Fast Attach 1 | 1 . . Attach 15 | 6 2 7 Detach . | . . . Swap 4 | . 4 . Drop 4 | . 4 . Fire 94 | 13 42 39 Melee . | . . . Ram . | . . . Kick . | . . . Crush . | . . . Escape Stasis . | . . . Rewire . | . . . Trap . | . . . Miscellaneous . | . . . Route ------- -11/Scrapyard -10/Materials (discovered 6 exits: Mat x3 / *Min x2 / *Sub) -10/Subcaves History --------- Turn | Location | Event 3 | -11/Scrapyard | Discovered new exit (range 15) 209 | -11/Scrapyard | Entered Materials 315 | -10/Materials | Build established: Mutant 324 | -10/Materials | Discovered new exit (range 16) 434 | -10/Materials | Discovered new exit (range 16) 576 | -10/Materials | Discovered new exit (range 18) 749 | -10/Materials | Identified exit to Mines 749 | -10/Materials | Identified exit to Materials 786 | -10/Materials | Identified exit to Subcaves 825 | -10/Materials | Learned location of Recycling (-7) 830 | -10/Materials | Learned 2 Storage zone layouts 831 | -10/Materials | Learned 2 Mines zone layouts 853 | -10/Materials | Learned 2 Storage zone layouts 878 | -10/Materials | Learned 2 Mines zone layouts 996 | -10/Materials | Entered Subcaves 997 | -10/Subcaves | Approached by a straggling Scientist 1133 | -10/Subcaves | Learned location of Zion (-6) 1133 | -10/Subcaves | Met a Zionite searching for "candidates" 1180 | -10/Subcaves | Core integrity fell below 50% 1226 | -10/Subcaves | Lost 6 parts (1p2n1u2w) 1279 | -10/Subcaves | Core integrity fell below 20% 1335 | -10/Subcaves | Lost 3 parts (3w) 1383 | -10/Subcaves | Destroyed by F4-VVC(R) with Subdweller Machine Gun Last Messages --------------- 01229_ Acquired 55 matter. 01235_ Acquired Sub. Laser. 01241_ Acquired Sub. Machine Gun. 0C-WQX(c): "I think it's somewhere southeast of here" 01279_ EM Pulse Gun destroyed. 01287_ Destroyed Flight Unit. 01287_ G-34 Mercenary destroyed. 01288_ Assault Rifle destroyed. 01289_ Destroyed Flight Unit. 01289_ S-10 Pest destroyed. 0C-WQX(c): "I think it's somewhere southeast of here" 01304_ Rocket Launcher destroyed. 01306_ The unstable cave ceiling collapses. 01342_ Acquired Wheel. 0C-WQX(c): "I think it's somewhere southeast of here" 01381_ HX-I44(R) emerges from the Twisted Machinery. 01382_ Com. Wheel destroyed. 01382_ Destroyed Com. Wheel. 01382_ Mak. Power Source destroyed. 01382_ Destroyed Mak. Power Source. Map ----- +----------------------------------------------------+ | ????# #?# ## # #?# | | ??## ## ### ## #?# | | ## ### #### #?# | | # #??##### ###??# | | ## #???????#######????? | | #??????????????????? | | # #??????????????????? | | ### ##??????????????????? | | ??# # # ##???????????????????? | | ## # # ##????????????????????? | | ## ##### ##### #?????????????????????? | | ?# ##???# #### ##????????????????????? | | ??## ##??? ## # #????????????????????? | | ???# ##??? ### ##????????????????????? | | ????# ???? ##?# #?????????????????????? | | ????# #?? #?## # #?##??????????????????? | | ?????###??# #?# "" ### #??????????????????? | | #??????????# #?## ### #??????????????????? | | ???????????#########?# "" #"""##?????????????????? | | ?????????????????????## # """"#?????????????????? | | ?????????????????????## c "#?????????????????? | | ????????????????????## """ ""#?????????????????? | | ???????????????????## """" "#?????????????????? | | ???????????????????#"" " ""#?????????????????? | | ???????????????????## " "" ####?????????????????? | | ????????????????????## @ ##????????????????????? | | ?????????????????????# " #???????????????????? | | ?????????????????????##" R #???????????????????? | | ??????????????????????## R ##???????????????????? | | ???????????????????????# ????????????????????? | | ???????????????????????# #???????????????????? | | ???????????????????????## # ???????????????????? | | ???????????????????????? # "??????????????????? | | ???????????????????????? ?"#?????????????????? | | ???????????????????????? "#?????????????????? | | ???????????????????????? ? ???????????????????? | | ???????????????????????? ##? ???????????????????? | | ????????????????????????" ??? ??????????????????? | | ????????????????????????"#????#??????????????????? | | ?????????????????????????????????????????????????? | | ?????????????????????????????????????????????????? | | ?????????????????????????????????????????????????? | | ?????????????????????????????????????????????????? | | ?????????????????????????????????????????????????? | | ?????????????????????????????????????????????????? | | ?????????????????????????????????????????????????? | | ?????????????????????????????????????????????????? | | ?????????????????????????????????????????????????? | | ?????????????????????????????????????????????????? | | ?????????????????????????????????????????????????? | +----------------------------------------------------+ Best States ------------- Heat Dissipation 25 Energy Generation 15 Energy Capacity 250 Matter Stores 300 Matter Capacity 300 Sight Range 16 Terrain Scan Density 10 Evasion (%) 50 Recoil Reduction 2 Item Schematics ----------------- None Robot Schematics ------------------ None Fabricated ------------ Nothing Repaired ---------- Nothing Alien Tech Used ----------------- None Achievements -------------- None Challenges ------------ None Game ------ Seed PlexusStasisDrillbomb Manual? 0 Play Time 00:10:33 Cumulative 314.9 hours Start 2025.09.21 @ 09:11:07 End 2025.09.21 @ 09:19:10 Sessions 1 Manual Loads 0 Difficulty Rogue Special Mode None Game No. 430 Rogue 430 Adventurer 0 Explorer 0 Win Type - Total 10 Types 5/0/1/2/1/0/1/0/0/0 Lore% 86 Gallery% 82 Achievement% 67 Wizard Run 0 Options --------- Layout 0 ASCII 0 Keyboard 0 Movement Mouse Keybinds 0 Fullscreen 1 Font 24/Tamsyn Map View 76x50 Zoom Use 0% Tactical HUD 1 Map Filters NONE Filters NONE Steam 1 RUN: da1083ea-c696-44ff-9594-8dc4cfe34732